 Dungeon Crawl Stone Soup version 0.27-b1-42-g19c61b19a5 (webtiles) character file.

Game seed: 15800641309051281516

235 Nausicaa the Chopper (level 5, -1/45 HPs)
             Began as a Minotaur Berserker on July 29, 2021.
             Was a Believer of Trog.
             Slain by Pikel (8 damage)
             ... on level 4 of the Dungeon.
             The game lasted 00:04:25 (3410 turns).

Nausicaa the Chopper (Minotaur Berserker)           Turns: 3410, Time: 00:04:25

Health: -1/45      AC:  8    Str: 21    XL:     5   Next: 76%
Magic:  4/4        EV:  8    Int:  4    God:    Trog [**....]
Gold:   300        SH:  0    Dex: 11    Spells: 4/4 levels left

rFire    . . .     SeeInvis .   a - +0 hand axe
rCold    . . .     Faith    .   (no shield)
rNeg     . . .     Spirit   .   f - +0 chain mail
rPois    .         Reflect  .   (helmet restricted)
rElec    .         Harm     .   (no cloak)
rCorr    .         Rampage  .   (no gloves)
Will     .....                  (no boots)
Stlth    ..........             (no amulet)
HPRegen  0.15/turn              (no ring)
MPRegen  0.09/turn              (no ring)

@: no status effects
A: horns 2, retaliatory headbutt
a: Renounce Religion, Berserk, Trog's Hand


You were on level 4 of the Dungeon.
You worshipped Trog.
Trog was pleased with you.
You visited 1 branch of the dungeon, and saw 4 of its levels.

You collected 300 gold pieces.

Inventory:

Hand Weapons
 a - a +0 hand axe (weapon)
 q - a +0 hunting sling
Missiles
 d - 3 javelins (quivered)
 g - 17 bolts
 k - 79 stones
 n - 8 boomerangs
Armour
 b - a +0 animal skin
 f - a +0 chain mail (worn)
Scrolls
 e - a scroll of enchant weapon {unknown}
 i - a scroll of blinking {unknown}
 j - a scroll of noise {unknown}
 l - 3 scrolls of fear {unknown}
 m - a scroll of identify {unknown}
 p - a scroll of enchant armour {unknown}
Potions
 c - 2 potions of berserk rage {unknown}
 h - a potion of degeneration {unknown}
 o - a potion of might {unknown}
 r - a potion of attraction {unknown}


   Skills:
 - Level 3.6 Fighting
 + Level 7.9 Axes
 - Level 2.4 Armour
 - Level 2.1 Dodging


You had 4 spell levels left.
You didn't know any spells.
Your spell library was empty.

Dungeon Overview and Level Annotations

Branches:
Dungeon (4/15)
 Temple: D:4-7

Altars:
Kikubaaqudgha

Annotations:
D:4 Pikel


Innate Abilities, Weirdness & Mutations

You have a pair of horns on your head.
You reflexively headbutt those who attack you in melee.


Message History

Pikel is lightly wounded.
Pikel hits you with a +0 whip of flaming.
Pikel burns you.
You completely miss Pikel. Your headbutt misses Pikel.
Pikel is lightly wounded.
Pikel hits you with a +0 whip of flaming!
Pikel burns you.
You closely miss Pikel.
Pikel is lightly wounded.
Pikel hits you with a +0 whip of flaming.
Pikel burns you.
You closely miss Pikel. Your headbutt misses Pikel.
Pikel is lightly wounded.
Pikel hits you with a +0 whip of flaming!
* * * LOW HITPOINT WARNING * * *
Pikel burns you.
* * * LOW HITPOINT WARNING * * *
You closely miss Pikel.
Pikel is lightly wounded.
Pikel hits you with a +0 whip of flaming.
* * * LOW HITPOINT WARNING * * *
Pikel burns you.
* * * LOW HITPOINT WARNING * * *
Pikel says, "Hell isn't that bad."
Press: ? - help, v - describe, . - travel
Here: Pikel, wielding a +0 whip of flaming and wearing a +0 robe (lightly wounded)
The floor.
Throw: 4 javelins
Press: ? - help, Q - select action, (/) - cycle Shift-Dir - straight line, f - Pikel
Aim: Pikel, wielding a +0 whip of flaming and wearing a +0 robe (lightly wounded, 45% to hit)
You throw a javelin. The javelin pierces through Pikel.
Pikel is moderately wounded.
The javelin pierces through the lemure.
The lemure is severely wounded.
The javelin pierces through the lemure.
The lemure is lightly wounded.
The javelin pierces through the adder skeleton.
The adder skeleton is moderately damaged.
Pikel hits you with a +0 whip of flaming!
You die...

#..#Z#
#
#..#5#
#..#5#
#..#.#
#..#5#
#..#.#
#..#.#
#.<#K#
#.##@#
#....#
######


You could see Pikel and 3 lemures.

Vanquished Creatures
  A lemure (D:4)
  An orc priest (D:2)
  Natasha (thrice) (D:2)
  An orc wizard (D:3)
  2 adders
  A worm (D:3)
  A dart slug (D:1)
  11 orcs
  5 bats
  6 endoplasms
  4 giant cockroaches
  6 goblins
  4 hobgoblins
  6 jackals (D:2)
  4 kobolds
  3 quokkas
  3 ball pythons
  3 frilled lizards
  4 rats
69 creatures vanquished.

Notes
Turn   | Place    | Note
-------+----------+-------------------------------------------
     0 | D:1      | Nausicaa the Minotaur Berserker began the quest for the
                  | Orb.
     0 | D:1      | Reached XP level 1. HP: 19/19 MP: 0/0
   252 | D:1      | Reached skill level 4 in Axes
   493 | D:1      | Reached XP level 2. HP: 22/26 MP: 1/1
   982 | D:1      | Reached skill level 5 in Axes
  1066 | D:1      | Reached XP level 3. HP: 31/31 MP: 2/2
  1314 | D:1      | Reached ** piety under Trog
  1646 | D:2      | Found a faded altar of an unknown god.
  1657 | D:2      | Noticed Natasha
  1672 | D:2      | Killed Natasha
  1673 | D:2      | Reached skill level 6 in Axes
  1673 | D:2      | Reached XP level 4. HP: 21/39 MP: 3/3
  2069 | D:2      | Noticed Natasha
  2078 | D:2      | Killed Natasha
  2079 | D:2      | Reached skill level 7 in Axes
  2079 | D:2      | Reached XP level 5. HP: 29/45 MP: 4/4
  2343 | D:2      | Noticed Natasha
  2352 | D:2      | Killed Natasha
  2937 | D:3      | Found an ancient bone altar of Kikubaaqudgha.
  3372 | D:4      | Noticed Pikel
  3372 | D:4      | Noticed a lemure
  3373 | D:4      | Noticed a lemure
  3373 | D:4      | Noticed a lemure
  3373 | D:4      | Noticed a lemure
  3379 | D:4      | Killed a lemure
  3410 | D:4      | Slain by Pikel

Illustrated notes

Levels and vault maps discovered:
D:1:      lemuel_arrival_behind_the_door_large, layout_loops_ring,
          amethyst_killhole, minmay_misc_feat_doors
D:2:      layout_basic, basic_ecumenical_altar, kennysheep_generic_room_13,
          uniq_natasha
D:3:      layout_rooms, amcnicky_altar_gilded
D:4:      layout_basic, serial_shops, shop, uniq_pikel, uniq_menkaure

Skill      XL: |  1  2  3  4 |
---------------+-------------+-----
Axes           | 4 5 6 7 |  7.9
Fighting       | |  3.6
Armour         | |  2.4
Dodging        | |  2.1

Action                   |  1- 3 |  4- 6 || total
-------------------------+-------+-------++-------
Melee: Hand axe          |    93 |   102 ||   195
       Headbutt          |    11 |    19 ||    30
Throw: Javelin           |       |     1 ||     1
Armor: Animal skin       |     7 |       ||     7
       Chain mail        |    23 |    52 ||    75
Dodge: Dodged            |    49 |    45 ||    94
